 Dungeon Crawl Stone Soup version 0.28-a0-1344-g6b9ff3a05d (webtiles) character file.

Game seed: 16913879175357775319

10 DoubleLucky the Caller (level 2, -2/15 HPs)
             Began as a Tengu Summoner on Dec 29, 2021.
             Slain by a quokka (4 damage)
             ... on level 1 of the Dungeon.
             The game lasted 00:01:59 (484 turns).

DoubleLucky the Caller (Tengu Summoner)              Turns: 484, Time: 00:02:00

Health: -2/15      AC:  2    Str:  8    XL:     2   Next: 20%
Magic:  4/6        EV: 12    Int: 15    God:
Gold:   0          SH:  0    Dex: 14    Spells: 4/5 levels left

rFire   . . .      SeeInvis .   b - +0 dagger
rCold   . . .      Faith    .   (no shield)
rNeg    . . .      Spirit   .   a - +0 robe
rPois   .          Reflect  .   (helmet restricted)
rElec   .          Harm     .   (no cloak)
rCorr   .          Rampage  .   (no gloves)
Will    .....                   (boots unavailable)
Stlth   ++........              (no amulet)
HPRegen 0.05/turn               (no ring)
MPRegen 0.10/turn               (no ring)

@: no status effects
A: beak, talons 3
a: no special abilities


You were on level 1 of the Dungeon.
You visited 1 branch of the dungeon, and saw 1 of its levels.

Inventory:

Hand Weapons
 b - a +0 dagger (weapon)
Armour
 a - a +0 robe (worn)


   Skills:
 + Level 2.5 Dodging
 - Level 2.1 Stealth
 + Level 2.2 Spellcasting
 + Level 5.0 Summonings


You had 4 spell levels left.
You knew the following spells:

 Your Spells              Type           Power      Damage    Failure   Level
a - Summon Small Mammal   Summ           64%        N/A       2%          1

Your spell library contained the following spells:

 Spells                   Type           Power      Damage    Failure   Level
 Call Imp                 Summ           16%        N/A       4%          2
 Call Canine Familiar     Summ           16%        N/A       9%          3
 Summon Guardian Golem    Hex/Summ       9%         N/A       24%         3
 Scorch                   Fire           2%         2d5       32%         2
 Ozocubu's Armour         Ice            1%         N/A       54%         3
 Summon Lightning Spire   Summ/Air       9%         N/A       61%         4
 Flame Wave               Conj/Fire      1%         2d4       91%         4
 Summon Cactus Giant      Summ           8%         N/A       99%         6
 Ozocubu's Refrigeration  Ice            0%         4d5       100%        7


Dungeon Overview and Level Annotations

Branches:
Dungeon (1/15)

Altars:


Innate Abilities, Weirdness & Mutations

You have a beak for a mouth.
You have claws for feet.


Message History

The quokka is lightly wounded.
Your bat barely misses the quokka.
The quokka closely misses you.
You miss the quokka.
The quokka is lightly wounded.
Your bat closely misses the quokka.
Your bat hits the quokka but does no damage.
The quokka barely misses you.
You hit the quokka. You claw the quokka, but do no damage.
The quokka is moderately wounded.
Your bat misses the quokka. The quokka barely misses you.
Your bat misses the quokka. You miss the quokka.
The quokka is moderately wounded.
Your bat hits the quokka but does no damage.
The quokka misses you.
Casting: Summon Small Mammal (safe; 2% risk of failure)
Confirm with . or Enter, or press ? or * to list all spells.
The quokka bites you.
Your bat closely misses the quokka.
The quokka bites you.
You hit the quokka but do no damage. You claw the quokka.
The quokka is heavily wounded.
Your bat hits the quokka but does no damage. x3
The quokka bites you but does no damage.
Your bat closely misses the quokka.
Your bat hits the quokka but does no damage.
Your bat barely misses the quokka.
Your bat closely misses the quokka.
The quokka bites you.
Your bat closely misses the quokka.
Your bat barely misses the quokka.
You miss the quokka.
The quokka is heavily wounded.
Your bat barely misses the quokka.
The quokka bites you.
Your bat closely misses the quokka.
You hit the quokka but do no damage.
The quokka is moderately wounded.
Your bat hits the quokka but does no damage.
Your bat closely misses the quokka.
Your bat hits the quokka but does no damage.
The quokka bites you.
* * * LOW HITPOINT WARNING * * *
Your bat barely misses the quokka.
The quokka bites you.
You die...

#.# # #. ####†## #.# ##.#
###.....## #.. ##...#
#........# #..
##.....####.######.#####.#
............#....#.#......
#......##..#....#...###..
##....#b##..#....#........
........r@..#....#.....##.
##.#.##b##..#....#.....##.
#........###†##.#.####.
.....###........#......
##.#### ###.#...########
#. #.....# # ###...# ##.##
#...


You could see a quokka (ally target) and 2 friendly bats.

Vanquished Creatures
  A bat (D:1)
  A hobgoblin (D:1)
  A kobold (D:1)
  A rat (D:1)
4 creatures vanquished.

Vanquished Creatures (collateral kills)
  An endoplasm (D:1)
  A hobgoblin (D:1)
  A quokka (D:1)
  2 ball pythons (D:1)
  A rat (D:1)
6 creatures vanquished.

Grand Total: 10 creatures vanquished

Notes
Turn   | Place    | Note
-------+----------+-------------------------------------------
     0 | D:1      | DoubleLucky the Tengu Summoner began the quest for the Orb.
     0 | D:1      | Reached XP level 1. HP: 10/10 MP: 4/4
   301 | D:1      | Reached XP level 2. HP: 15/15 MP: 3/6
   348 | D:1      | Reached skill level 5 in Summonings
   484 | D:1      | Slain by a quokka

Illustrated notes

Levels and vault maps discovered:
D:1:      eino_arrival_cavern_a, layout_loops_cross, nrook_mini_vaults

Skill      XL: |  1  2 |
---------------+-------+-----
Summonings     | 5 |  5.0
Dodging        | |  2.5
Stealth        | |  2.1
Spellcasting   | |  2.2

Action                   || total
-------------------------++-------
Melee: Unarmed           ||     4
       Kick              ||     4
       Dagger            ||    10
       Peck              ||     1
 Cast: Summon Small Mamm ||    19
 Stab: Distracted        ||     1
Armor: Robe              ||     3
Dodge: Dodged            ||     6

Table legend: (Time is in decaauts)
 A = Elapsed time spent in this place.
 B = Non-inter-level travel time spent in this place.
 C = Inter-level travel time spent in this place.
 D = Time resting spent in this place.
 E = Time spent auto-exploring this place.
 F = Levels seen in this place.
 G = Mean time per level.
                   A        B        C        D        E       F      G
               +--------+--------+--------+--------+--------+-----+--------+
         Total |    483 |    483 |      0 |    111 |    251 |   1 |  483.0 |
       Dungeon |    483 |    483 |      0 |    111 |    251 |   1 |  483.0 |
               +--------+--------+--------+--------+--------+-----+--------+

Top non-repeatable levels by time:
     D:1: 483 daAuts
